EL
TULSA DRILLERS @ COLUMBIA FIREFLIES
06/10/2048
 
TOP OF THE 1ST
Tulsa Drillers batting - Pitching for Columbia Fireflies : RHP Tyler Lybrand
Pitching: RHP Tyler Lybrand
Batting: RHB Marcos Villalobos 0-0: Foul Ball, location: 2F
0-1: Ball
1-1: Swinging Strike
1-2: Fly out, F8 (Flyball, 8RD, EV 106.9 MPH)
Batting: SHB Nate Kopchak 0-0: Ball
1-0: Ball
2-0: Ball
3-0: Base on Balls
Batting: LHB Kevin Wiebe 0-0: Called Strike
Nate Kopchak steals 2nd base
0-1: Called Strike
0-2: Ball
1-2: Ball
2-2: Ball
3-2: Foul Ball, location: 2F
3-2: 2-RUN HOME RUN (Flyball, 9D, EV 96.9 MPH), Distance : 356 ft
Batting: SHB Justin Toth 0-0: Ground out 4-3 (Groundball, 34S, EV 88.8 MPH)
Batting: RHB Jonathan Kirsch 0-0: Fly out, F9 (Flyball, 9, EV 86.9 MPH)
Top of the 1st over - 2 runs, 1 hit, 0 errors, 0 left on base; Tulsa 2 - Columbia 0
BOTTOM OF THE 1ST
Columbia Fireflies batting - Pitching for Tulsa Drillers : LHP Jonathan Daniels
Pitching: LHP Jonathan Daniels
Batting: RHB Elias Urbina 0-0: Ground out 4-3 (Groundball, 4, EV 83.8 MPH)
Batting: RHB Larry Shoop 0-0: Ball
1-0: Called Strike
1-1: Ball
2-1: Ball
3-1: Base on Balls
Batting: SHB Masatoshi Akahoshi 0-0: Ball
1-0: Foul Ball, location: 2F
1-1: Swinging Strike
1-2: Foul Ball, location: 2F
1-2: Fly out, F7 (Flyball, 78M, EV 82.5 MPH)
Batting: RHB Masaya Nakamura 0-0: SINGLE (Groundball, 6MD, EV 108.1 MPH)
Larry Shoop to second
Runner from 2nd tries for 3rd, SAFE, throw by CF made to third
Batting: RHB Jose Lara 0-0: Ball
1-0: Swinging Strike
1-1: Ground out 6-3 (Groundball, 6MS, EV 64.4 MPH)
Bottom of the 1st over - 0 runs, 1 hit, 0 errors, 2 left on base; Tulsa 2 - Columbia 0
TOP OF THE 2ND
Tulsa Drillers batting - Pitching for Columbia Fireflies : RHP Tyler Lybrand
Batting: RHB Tony Rivera 0-0: Called Strike
0-1: Ball
1-1: Ground out 6-3 (Groundball, 6, EV 92.5 MPH)
Batting: RHB Daniel Samano 0-0: Foul Ball, location: 2F
0-1: Swinging Strike
0-2: Ground out 6-3 (Groundball, 6, EV 103.1 MPH)
Batting: LHB Chris Barrera 0-0: Ball
1-0: Foul Ball, location: 2F
1-1: Swinging Strike
1-2: Ball
2-2: Ball
3-2: Foul Ball, location: 2F
3-2: Strikes out swinging
Top of the 2nd over - 0 runs, 0 hits, 0 errors, 0 left on base; Tulsa 2 - Columbia 0
BOTTOM OF THE 2ND
Columbia Fireflies batting - Pitching for Tulsa Drillers : LHP Jonathan Daniels
Batting: RHB Dan Muse 0-0: Called Strike
0-1: Ball
1-1: Foul Ball, location: 2F
1-2: Strikes out swinging
Batting: LHB Tony Leyba 0-0: Called Strike
0-1: Ball
1-1: Ball
2-1: Swinging Strike
2-2: Strikes out swinging
Batting: LHB Preston Knaak 0-0: Ball
1-0: Fly out, F6 (Popup, 6D, EV 55.6 MPH)
Bottom of the 2nd over - 0 runs, 0 hits, 0 errors, 0 left on base; Tulsa 2 - Columbia 0
TOP OF THE 3RD
Tulsa Drillers batting - Pitching for Columbia Fireflies : RHP Tyler Lybrand
Batting: RHB Kyle Garrett 0-0: Ground out 6-3 (Groundball, 6, EV 87.5 MPH)
Batting: RHB Marcos Villalobos 0-0: Called Strike
0-1: Ball
1-1: Ball
2-1: Ball
3-1: Foul Ball, location: 2F
3-2: Foul Ball, location: 2F
3-2: Foul Ball, location: 2F
3-2: Base on Balls
Batting: SHB Nate Kopchak 0-0: Ball
1-0: Swinging Strike
1-1: Fly out, F8 (Flyball, 8RS, EV 90.0 MPH)
Batting: LHB Kevin Wiebe 0-0: Ball
1-0: Foul Ball, location: 2F
1-1: Called Strike
1-2: Ball
2-2: Foul Ball, location: 2F
2-2: Ball
3-2: Fly out, F6 (Popup, 4MS, EV 80.6 MPH)
Top of the 3rd over - 0 runs, 0 hits, 0 errors, 1 left on base; Tulsa 2 - Columbia 0
BOTTOM OF THE 3RD
Columbia Fireflies batting - Pitching for Tulsa Drillers : LHP Jonathan Daniels
Batting: RHB Fathi Addae 0-0: Foul Ball, location: 2F
0-1: Ball
1-1: Ball
2-1: Fly out, F9 (Flyball, 9, EV 80.6 MPH)
Batting: RHB Elias Urbina 0-0: Ball
1-0: Called Strike
1-1: Ball
2-1: SINGLE (Flyball, 34D, EV 88.8 MPH)
Batting: RHB Larry Shoop 0-0: Ball
1-0: Ball
2-0: Ball
3-0: Foul Ball, location: 2F
3-1: Foul Ball, location: 2F
3-2: Foul Ball, location: 2F
3-2: Grounds into double play, 5-4-3 (Groundball, 5, EV 80.6 MPH)
Bottom of the 3rd over - 0 runs, 1 hit, 0 errors, 0 left on base; Tulsa 2 - Columbia 0
TOP OF THE 4TH
Tulsa Drillers batting - Pitching for Columbia Fireflies : RHP Tyler Lybrand
Batting: SHB Justin Toth 0-0: SINGLE (Groundball, 4MD, EV 97.5 MPH)
Batting: RHB Jonathan Kirsch 0-0: Called Strike
0-1: Ball
1-1: Swinging Strike
1-2: Strikes out swinging
Batting: RHB Tony Rivera 0-0: Ball
1-0: Swinging Strike
1-1: Swinging Strike
1-2: Ball
2-2: Foul Ball, location: 2F
2-2: Strikes out looking
Batting: RHB Daniel Samano 0-0: Ball
1-0: Foul Ball, location: 2F
1-1: Foul Ball, location: 2F
1-2: Ball
2-2: Ball
3-2: Foul Ball, location: 2F
3-2: Foul Ball, location: 2F
3-2: Strikes out swinging
Top of the 4th over - 0 runs, 1 hit, 0 errors, 1 left on base; Tulsa 2 - Columbia 0
BOTTOM OF THE 4TH
Columbia Fireflies batting - Pitching for Tulsa Drillers : LHP Jonathan Daniels
Batting: SHB Masatoshi Akahoshi 0-0: Swinging Strike
0-1: Ball
1-1: Ball
2-1: Ball
3-1: Fly out, F3 (Popup, 3SF, EV 78.1 MPH)
Batting: RHB Masaya Nakamura 0-0: Called Strike
0-1: SINGLE (Flyball, 4MD, EV 86.2 MPH)
Batting: RHB Jose Lara 0-0: Ball
1-0: SINGLE (Groundball, 4D, EV 111.9 MPH)
Masaya Nakamura to second
Batting: RHB Dan Muse 0-0: Called Strike
0-1: Ball
1-1: Grounds into double play, 4-6-3 (Groundball, 4M, EV 98.1 MPH)
Bottom of the 4th over - 0 runs, 2 hits, 0 errors, 1 left on base; Tulsa 2 - Columbia 0
TOP OF THE 5TH
Tulsa Drillers batting - Pitching for Columbia Fireflies : RHP Tyler Lybrand
Batting: LHB Chris Barrera 0-0: Swinging Strike
0-1: Ball
1-1: DOUBLE (Line Drive, 9LM, EV 109.4 MPH)
Batting: RHB Kyle Garrett 0-0: Called Strike
0-1: Foul Ball, location: 2F
0-2: Ground out 6-3 (Groundball, 56, EV 80.6 MPH)
Batting: RHB Marcos Villalobos 0-0: Ball
1-0: Called Strike
1-1: Ground out 4-3 (Groundball, 4, EV 93.1 MPH)
Chris Barrera to third
Batting: SHB Nate Kopchak 0-0: Ball
1-0: Called Strike
1-1: Ball
2-1: Swinging Strike
2-2: Strikes out swinging
Top of the 5th over - 0 runs, 1 hit, 0 errors, 1 left on base; Tulsa 2 - Columbia 0
BOTTOM OF THE 5TH
Columbia Fireflies batting - Pitching for Tulsa Drillers : LHP Jonathan Daniels
Batting: LHB Tony Leyba 0-0: SINGLE (Groundball, 25, EV 74.4 MPH) (infield hit)
Batting: LHB Preston Knaak 0-0: Ball
1-0: Ball
2-0: Called Strike
2-1: Called Strike
2-2: Ball
3-2: Strikes out looking
Batting: RHB Fathi Addae 0-0: Called Strike
0-1: Swinging Strike
0-2: Ball
1-2: Fly out, F9 (Flyball, 89S, EV 82.5 MPH)
Batting: RHB Elias Urbina 0-0: Ball
1-0: Ball
2-0: Ball
3-0: Base on Balls
Tony Leyba to second
Batting: RHB Larry Shoop 0-0: Swinging Strike
0-1: Ball
1-1: Foul Ball, location: 2F
1-2: Strikes out swinging
Bottom of the 5th over - 0 runs, 1 hit, 0 errors, 2 left on base; Tulsa 2 - Columbia 0
TOP OF THE 6TH
Tulsa Drillers batting - Pitching for Columbia Fireflies : RHP Tyler Lybrand
Batting: LHB Kevin Wiebe 0-0: Ground out 5-3 (Groundball, 6, EV 91.2 MPH)
Batting: SHB Justin Toth 0-0: Ball
1-0: Ball
2-0: Ball
3-0: Called Strike
3-1: Base on Balls
Batting: RHB Jonathan Kirsch 0-0: Ball
1-0: Ball
2-0: Foul Ball, location: 2F
2-1: Ball
3-1: Base on Balls
Justin Toth to second
Batting: RHB Tony Rivera 0-0: Ball
1-0: Foul Ball, location: 2F
1-1: Ball
2-1: Foul Ball, location: 2F
2-2: Strikes out looking
Pitching: LHP Keith Noftall
Batting: RHB Daniel Samano 0-0: Ball
1-0: Ball
2-0: Ground out 6-3 (Groundball, 6M, EV 85.6 MPH)
Top of the 6th over - 0 runs, 0 hits, 0 errors, 2 left on base; Tulsa 2 - Columbia 0
BOTTOM OF THE 6TH
Columbia Fireflies batting - Pitching for Tulsa Drillers : LHP Jonathan Daniels
Batting: SHB Masatoshi Akahoshi 0-0: Foul Ball, location: 2F
0-1: Swinging Strike
0-2: Strikes out looking
Batting: RHB Masaya Nakamura 0-0: Ground out 2-3 (Groundball, 2R, EV 71.9 MPH)
Batting: RHB Jose Lara 0-0: Ball
1-0: Ball
2-0: Foul Ball, location: 2F
2-1: Ground out 2-3 (Groundball, 2R, EV 70.0 MPH)
Bottom of the 6th over - 0 runs, 0 hits, 0 errors, 0 left on base; Tulsa 2 - Columbia 0
TOP OF THE 7TH
Tulsa Drillers batting - Pitching for Columbia Fireflies : LHP Keith Noftall
Batting: LHB Chris Barrera 0-0: Ball
1-0: Ball
2-0: Ball
3-0: Base on Balls
Batting: RHB Kyle Garrett 0-0: Swinging Strike
0-1: Ball
1-1: Ball
2-1: Ball
3-1: Swinging Strike
3-2: Strikes out swinging
Batting: RHB Marcos Villalobos 0-0: Ball
1-0: Swinging Strike
1-1: Foul Ball, location: 2F
1-2: Fielders Choice at 2nd, 4-6 (Groundball, 34, EV 86.9 MPH)
Batting: SHB Nate Kopchak 0-0: Ball
1-0: SINGLE (Groundball, 6MD, EV 106.2 MPH)
Marcos Villalobos to second
Runner from 2nd tries for 3rd, SAFE, throw by CF made to third
Batting: LHB Kevin Wiebe
Batting: RHB Aaron Burress 0-0: Swinging Strike
0-1: Ball
1-1: Called Strike
1-2: Ball
2-2: Foul Ball, location: 2F
2-2: Single, Error in OF, E8, batter to second base (Line Drive, 89M, EV 110.0 MPH)
Marcos Villalobos scores
Nate Kopchak to third
Batting: SHB Justin Toth 0-0: Ball
Wild Pitch!
Nate Kopchak scores
Aaron Burress to third
1-0: Ball
2-0: Ball
3-0: Called Strike
3-1: SINGLE (Flyball, 3D, EV 88.8 MPH)
Aaron Burress scores
Pitching: RHP Justin Wilkins
Batting: RHB Jonathan Kirsch 0-0: Swinging Strike
0-1: DOUBLE (Line Drive, 8RXD, EV 96.9 MPH)
Justin Toth to third
Runner from 3rd tries for Home, SAFE, throw by CF to home
Batting: RHB Tony Rivera 0-0: Ball
1-0: Swinging Strike
1-1: Called Strike
1-2: Ground out U3 (Groundball, 3, EV 104.4 MPH)
Top of the 7th over - 4 runs, 4 hits, 1 error, 1 left on base; Tulsa 6 - Columbia 0
BOTTOM OF THE 7TH
Columbia Fireflies batting - Pitching for Tulsa Drillers : LHP Jonathan Daniels
Pitching: RHP Carlos Llamas
Batting: RHB Dan Muse 0-0: Foul Ball, location: 2F
0-1: Fly out, F3 (Popup, 3SF, EV 71.2 MPH)
Batting: LHB Tony Leyba 0-0: Called Strike
0-1: Swinging Strike
0-2: Ball
1-2: Fly out, F8 (Flyball, 8LD, EV 76.9 MPH)
Batting: LHB Preston Knaak 0-0: Ball
1-0: Called Strike
1-1: Ball
2-1: Ground out 5-3 (Groundball, 5S, EV 85.6 MPH)
Bottom of the 7th over - 0 runs, 0 hits, 0 errors, 0 left on base; Tulsa 6 - Columbia 0
TOP OF THE 8TH
Tulsa Drillers batting - Pitching for Columbia Fireflies : RHP Justin Wilkins
Batting: RHB Daniel Samano 0-0: Foul Ball, location: 2F
0-1: Ball
1-1: Swinging Strike
1-2: Foul Ball, location: 2F
1-2: Ground out 5-3 (Groundball, 56S, EV 88.1 MPH)
Batting: LHB Chris Barrera 0-0: Ball
1-0: Ball
2-0: Ball
3-0: Called Strike
3-1: Base on Balls
Batting: RHB Kyle Garrett 0-0: SINGLE (Groundball, 34D, EV 98.1 MPH)
Chris Barrera to second
Runner from 2nd tries for 3rd, SAFE, throw by RF made to third
Kyle Garrett to second
Batting: RHB Marcos Villalobos 0-0: Called Strike
0-1: Swinging Strike
0-2: SINGLE (Groundball, 4D, EV 105.6 MPH)
Chris Barrera scores
Kyle Garrett to third
Runner from 3rd tries for Home, SAFE, throw by CF to home
Batting: SHB Nate Kopchak 0-0: Grounds into double play, 6-4-3 (Groundball, 56, EV 100.6 MPH)
Top of the 8th over - 2 runs, 2 hits, 0 errors, 0 left on base; Tulsa 8 - Columbia 0
BOTTOM OF THE 8TH
Columbia Fireflies batting - Pitching for Tulsa Drillers : RHP Carlos Llamas
Batting: RHB Fathi Addae 0-0: Ball
1-0: Ground out 5-3 (Groundball, 56S, EV 83.8 MPH)
Batting: RHB Elias Urbina 0-0: Ball
1-0: Swinging Strike
1-1: Foul Ball, location: 2F
1-2: Foul Ball, location: 2F
1-2: Ball
2-2: Strikes out looking
Batting: RHB Larry Shoop 0-0: Called Strike
0-1: Foul Ball, location: 2F
0-2: Strikes out swinging
Bottom of the 8th over - 0 runs, 0 hits, 0 errors, 0 left on base; Tulsa 8 - Columbia 0
TOP OF THE 9TH
Tulsa Drillers batting - Pitching for Columbia Fireflies : RHP Justin Wilkins
Batting: RHB Josh Crenwelge 0-0: Ball
1-0: SOLO HOME RUN (Flyball, 78XD, EV 107.5 MPH), Distance : 411 ft
Batting: SHB Justin Toth 0-0: Foul Ball, location: 2F
0-1: Ball
1-1: Ball
2-1: Ball
3-1: Base on Balls
Pitching: LHP Bubba Fields
Batting: RHB Jonathan Kirsch 0-0: Called Strike
0-1: Ball
1-1: Grounds into double play, 6-4-3 (Groundball, 6, EV 86.2 MPH)
Batting: RHB Tony Rivera 0-0: Called Strike
0-1: Foul Ball, location: 2F
0-2: Ball
1-2: Ground out 1-3 (Groundball, 34S, EV 63.8 MPH)
Top of the 9th over - 1 run, 1 hit, 0 errors, 0 left on base; Tulsa 9 - Columbia 0
BOTTOM OF THE 9TH
Columbia Fireflies batting - Pitching for Tulsa Drillers : RHP Carlos Llamas
Pinch Hitting: RHB Andy Carrell 0-0: Called Strike
0-1: Fly out, F9 (Flyball, 9S, EV 93.1 MPH)
Batting: RHB Masaya Nakamura 0-0: Ball
1-0: SINGLE (Groundball, 3D, EV 98.8 MPH)
Batting: RHB Jose Lara 0-0: DOUBLE (Line Drive, 5D, EV 97.5 MPH)
Masaya Nakamura to third
Batting: RHB Dan Muse 0-0: Foul Ball, location: 2F
0-1: Ball
1-1: Ball
2-1: Ball
3-1: Foul Ball, location: 2F
3-2: Base on Balls
Pitching: LHP William Lobo
Batting: LHB Tony Leyba 0-0: Foul Ball, location: 2F
0-1: Ball
1-1: Ball
2-1: Grounds into double play, 6-4-3 (Groundball, 6, EV 86.9 MPH)
Bottom of the 9th over - 0 runs, 2 hits, 0 errors, 2 left on base; Tulsa 9 - Columbia 0
Tuesday, March 28th , 2023 - OOTP Baseball 23.10 Build 110